 Dungeon Crawl Stone Soup version 0.23.2-40-g277498a001 (webtiles) character file.

Game seed: 14432892712546977764

2832 FishyPogo the Changer (level 9, -2/74 HPs)
             Began as a Naga Transmuter on Sept 28, 2019.
             Was a Priest of Makhleb.
             Slain by a wight
             ... wielding a cursed +3 halberd
              (4 damage)
             ... on level 8 of the Dungeon.
             The game lasted 00:41:18 (6645 turns).

FishyPogo the Changer (Naga Transmuter)             Turns: 6645, Time: 00:41:18

Health: -2/74      AC:  2    Str: 12    XL:     9   Next: 73%
Magic:  7/12       EV: 22    Int: 16    God:    Makhleb [***...]
Gold:   302        SH:  3    Dex: 18    Spells: 6/12 levels left

rFire    . . .     SeeInvis +     - Unarmed
rCold    . . .     Gourm    .   (shield currently unavailable)
rNeg     . . .     Faith    .   (armour currently unavailable)
rPois    x         Spirit   .   (helmet currently unavailable)
rElec    .         Reflect  +   (cloak currently unavailable)
rCorr    .         Harm     .   (gloves currently unavailable)
MR       +....                  (no barding)
Stlth    ++........             r - +3 amulet of reflection
HPRegen  0.22/turn              (no ring)
MPRegen  0.13/turn              (no ring)

@: spider-form, very slightly contaminated, drained
A: tiny, see invisible, slow metabolism 1, spit poison 1, AC +3
a: Spit Poison, End Transformation, Minor Destruction, Lesser Servant of
Makhleb, Renounce Religion


You were on level 8 of the Dungeon.
You worshipped Makhleb.
Makhleb was most pleased with you.
You were not hungry.
You were a venomous arachnid creature.
You visited 1 branch of the dungeon, and saw 8 of its levels.
You also visited: Bailey.

You collected 302 gold pieces.

Inventory:

Hand Weapons
 b - the +9 hand axe of Truncation (melded) {pain, rPois Stlth+}
   (You found it on level 6 of the Dungeon)

   In the hands of one skilled in necromantic magic, it inflicts extra damage on
   living creatures.
   It protects you from poison.
   It makes you more stealthy.
 C - a cursed +0 falchion
Missiles
 a - 70 arrows
 i - 161 stones (quivered)
 l - 10 javelins
 x - 2 tomahawks
 B - 27 tomahawks of returning
Armour
 q - a +0 leather armour of cold resistance (melded)
 v - a +0 robe
Jewellery
 n - an uncursed amulet of guardian spirit
 r - a +3 amulet of reflection (around neck)
Wands
 u - a wand of digging (4)
 y - a wand of random effects (7)
 A - a wand of polymorph (8)
Scrolls
 c - 2 scrolls of fog {unknown}
 e - 3 scrolls of teleportation {unknown}
 f - 11 scrolls of identify {unknown}
 h - a scroll of immolation {unknown}
 k - 4 scrolls of remove curse
 o - a scroll of magic mapping
 p - a scroll of random uselessness {unknown}
 t - a scroll of noise {unknown}
 w - a scroll of fear {unknown}
 z - 3 scrolls of amnesia
Potions
 g - a potion of haste
 j - a potion of lignification {unknown}
 m - 4 potions of flight
 s - a potion of curing
 E - a potion of degeneration {unknown}
Comestibles
 d - 13 rations
 D - 5 chunks of flesh


   Skills:
 + Level 2.7(2.1) Fighting
 * Level 2.2(1.6) Axes
 + Level 4.7(4.1) Dodging
 - Level 1.0(0.4) Stealth
 - Level 6.5(5.9) Unarmed Combat
 - Level 2.0(1.4) Spellcasting
 * Level 7.9(7.2) Transmutations
 - Level 5.0(4.3) Poison Magic
 + Level 3.0(2.4) Invocations
 + Level 2.8(2.2) Evocations


You had 6 spell levels left.
You knew the following spells:

 Your Spells              Type           Power        Failure   Level  Hunger
c - Beastly Appendage     Tmut           ###...       5%          1    ##.....
d - Sticks to Snakes      Tmut           ###.....     8%          2    ###....
e - Spider Form           Tmut/Pois      ###.......   17%         3    ####...

Your spell library contained the following spells:

 Spells                   Type           Power        Failure   Level  Hunger
 Summon Small Mammal      Summ           #...         43%         1    ##.....
 Call Imp                 Summ           #.......     54%         2    ###....
 Blade Hands              Tmut           ###.......   54%         5    ######.
 Ice Form                 Ice/Tmut       ##......     67%         4    #####..
 Call Canine Familiar     Summ           #.......     75%         3    ####...
 Summon Guardian Golem    Hex/Summ       #.......     75%         3    ####...
 Summon Ice Beast         Ice/Summ       #.......     98%         4    #####..
 Summon Lightning Spire   Summ/Air       #.......     98%         4    #####..


Dungeon Overview and Level Annotations

Branches:
Dungeon (8/15)             Temple (0/1) D:7
   Lair: D:8-11

Altars:
Fedhas
Makhleb
Ru


Innate Abilities, Weirdness & Mutations

You cannot wear boots.
((Your serpentine skin is tough. (AC +3)))
You have supernaturally acute eyesight. (SInv)
((Armour fits poorly on your strangely shaped body.))
((Your system is resistant to poisons. (rPois)))
((You cover ground very slowly.))
You have a slow metabolism.
You can spit poison.


Message History

An orc warrior opens the door.
The wolf completely misses you.
The black bear completely misses you. x3
The wight hits you with a cursed +3 halberd.
* * * LOW HITPOINT WARNING * * *
You feel drained.
* * * LOW HITPOINT WARNING * * *
You hit the wight.
The wight is heavily damaged.
The wolf closely misses you.
Your hellwing hits the wolf! Your hellwing hits the wolf.
The black bear bites you.
* * * LOW HITPOINT WARNING * * *
The black bear barely misses you. x2; The wolf bites you.
* * * LOW HITPOINT WARNING * * *
You bite the wight!
The wight is almost destroyed.
Your hellwing closely misses the wolf.
Your hellwing barely misses the wolf.
The wight hits you with a cursed +3 halberd!
* * * LOW HITPOINT WARNING * * *
You feel drained.
You die...

....#.)...............
...............#..O..
...............#....
.........$<....#..#####
###...............#.#$#
#...........(†..#.#.#
#.......#....<...o.#.#+
.....#..##?.......#.....
#....#.####....hs.#.#.#
####...# #....4zh.###
#...# #..../..##
#...#...# #....#..##
......... .......#. P...


You could see an orc warrior, a black bear, an ogre, a wolf, a wight and a
friendly hellwing.

Vanquished Creatures
  A water moccasin (D:6)
  Duvessa (D:7)
  2 sky beasts
  2 ice beasts
  4 orc warriors
  2 ogres
  2 phantoms
  A centaur (D:8)
  2 bullfrogs
  Dowan (D:7)
  2 scorpions
  A howler monkey (D:5)
  2 crimson imps
  A jelly (D:6)
  A centaur skeleton (D:4)
  4 hounds
  A bullfrog skeleton (D:4)
  An orc priest (D:6)
  8 orc wizards
  4 iguanas
  4 worker ants
  A howler monkey zombie (D:6)
  17 gnolls
  7 adders
  A shadow imp (D:6)
  3 oozes
  2 worms (D:5)
  A leopard gecko (D:8)
  30 orcs
  A ball python (D:1)
  12 bats
  5 giant cockroaches
  7 hobgoblins
  10 jackals
  15 kobolds
  2 quokkas
  2 frilled lizards (D:1)
  10 goblins
  A jackal skeleton (D:4)
  A quokka skeleton (D:4)
  A quokka zombie (D:6)
  5 rats
181 creatures vanquished.

Vanquished Creatures (collateral kills)
  A wight (D:8)
  A worker ant (D:6)
  An orc (D:6)
  2 rats (D:2)
5 creatures vanquished.

Vanquished Creatures (others)
  A kobold (Bailey)
1 creature vanquished.

Grand Total: 187 creatures vanquished

Notes
Turn   | Place    | Note
-------+----------+-------------------------------------------
     0 | D:1      | FishyPogo the Naga Transmuter began the quest for the Orb.
     0 | D:1      | Reached XP level 1. HP: 18/18 MP: 3/3
    48 | D:1      | Reached skill level 1 in Stealth
    48 | D:1      | Reached XP level 2. HP: 14/25 MP: 3/5
   248 | D:1      | Learned a level 2 spell: Sticks to Snakes
   448 | D:1      | Reached XP level 3. HP: 16/31 MP: 3/6
   617 | D:1      | Learned a level 3 spell: Spider Form
   772 | D:2      | Found a sacrificial altar of Ru.
  1363 | D:3      | Reached skill level 3 in Transmutations
  1363 | D:3      | Reached skill level 1 in Poison Magic
  1363 | D:3      | Reached XP level 4. HP: 24/39 MP: 4/7
  1510 | D:3      | Reached XP level 5. HP: 27/45 MP: 3/8
  2007 | D:4      | Reached skill level 4 in Transmutations
  2007 | D:4      | Reached XP level 6. HP: 45/52 MP: 5/9
  2922 | D:4      | Found a burning altar of Makhleb.
  2930 | D:4      | Became a worshipper of Makhleb the Destroyer
  3154 | D:4      | Reached skill level 5 in Transmutations
  3169 | D:4      | Reached XP level 7. HP: 50/60 MP: 5/10
  3290 | D:5      | Entered Level 5 of the Dungeon
  3790 | D:5      | Reached * piety under Makhleb
  4184 | D:6      | Reached skill level 6 in Transmutations
  4184 | D:6      | Reached XP level 8. HP: 59/67 MP: 8/11
  4204 | D:5      | Reached skill level 5 in Unarmed Combat
  4888 | D:6      | Reached skill level 1 in Invocations
  4888 | D:6      | Reached skill level 1 in Evocations
  4897 | D:6      | Got a scorched hand axe
  5010 | D:6      | Found a blossoming altar of Fedhas.
  5011 | D:6      | Identified the +9 hand axe of Truncation {pain, rPois
                  | Stlth+} (You found it on level 6 of the Dungeon)
  5368 | D:7      | Noticed Dowan
  5369 | D:7      | Noticed Duvessa
  5379 | D:7      | Killed Duvessa
  5379 | D:7      | Reached skill level 7 in Transmutations
  5420 | D:7      | Reached XP level 9. HP: 57/73 MP: 6/12
  5473 | D:7      | Reached ** piety under Makhleb
  5617 | D:7      | Killed Dowan
  5701 | D:7      | Found a flagged portal.
  5710 | Bailey   | Entered a bailey
  5816 | Bailey   | HP: 3/73 [orc warrior/+0 battleaxe (14)]
  5889 | Bailey   | Noticed an orc knight
  6171 | D:7      | Reached *** piety under Makhleb
  6171 | D:7      | Reached skill level 1 in Axes
  6287 | D:7      | Found a staircase to the Ecumenical Temple.
  6545 | D:8      | Reached skill level 5 in Poison Magic
  6645 | D:8      | HP: 2/74 [wight/cursed +3 halberd (8)]
  6645 | D:8      | Slain by a wight

Skill      XL: |  1  2  3  4  5  6  7  8  9 |
---------------+----------------------------+-----
Stealth        | 1 |  1.0
Dodging        | 2 3 4 |  4.7
Fighting       | 2 |  2.7
Transmutations | 3 4 5 6 7 |  7.9
Poison Magic   | 1 2 3 4 5 |  5.0
Unarmed Combat | 4 6 |  6.5
Invocations    | 1 3 |  3.0
Evocations     | 1 2 |  2.8
Axes           | 2 |  2.2
Spellcasting   | |  2.0

Action                   |  1- 3 |  4- 6 |  7- 9 || total
-------------------------+-------+-------+-------++-------
Melee: Unarmed           |    89 |   134 |   326 ||   549
       Headbutt          |     5 |     6 |     8 ||    19
       Punch             |     1 |       |     3 ||     4
       Hand axe          |       |       |    64 ||    64
Throw: Stone             |       |     4 |     3 ||     7
 Cast: Beastly Appendage |    18 |     8 |     8 ||    34
       Sticks to Snakes  |     3 |     4 |     5 ||    12
       Spider Form       |       |     8 |    26 ||    34
Invok: Lesser Servant of |       |       |     2 ||     2
       Minor Destruction |       |       |     1 ||     1
 Abil: Spit Poison       |    28 |    14 |    39 ||    81
  Use: Potion            |       |     4 |     8 ||    12
       Scroll            |       |     1 |     2 ||     3
 Stab: Sleeping          |     4 |       |     6 ||    10
       Distracted        |       |     1 |     2 ||     3
       Invisible         |       |       |     1 ||     1
  Eat: Chunk             |     3 |     6 |    17 ||    26
Armor: Robe              |    17 |       |       ||    17
       Leather armour    |       |     6 |    27 ||    33
       Skin              |       |     4 |     9 ||    13
Dodge: Dodged            |    53 |    90 |   387 ||   530
Block: Other             |       |       |    20 ||    20
       Reflection        |       |       |     4 ||     4
